 Dungeon Crawl Stone Soup version 0.29.1-2-gbd0b4ee654 (webtiles) character file.

Game seed: 5462782598002613324

259 Ihaveafatcat the Chopper (level 6, 0/53 HPs)
             Began as a Hill Orc Fighter on Nov 18, 2022.
             Slain by a gnoll
             ... wielding a +0 halberd
             ... led by a gnoll sergeant
              (4 damage)
             ... on level 4 of the Dungeon.
             The game lasted 00:05:20 (3281 turns).

Ihaveafatcat the Chopper (Hill Orc Fighter)         Turns: 3281, Time: 00:05:21

Health: 0/53       AC:  7    Str: 21    XL:     6   Next: 17%
Magic:  6/6        EV:  9    Int:  8    God:
Gold:   86         SH:  4    Dex: 10    Spells: 5/5 levels left

rFire   . . .      SeeInvis .   a - +0 war axe (vorpal)
rCold   + . .      Faith    .   c - +0 buckler
rNeg    . . .      Spirit   .   b - +0 scale mail
rPois   +          Reflect  .   (no helmet)
rElec   .          Harm     .   (no cloak)
rCorr   .          Rampage  .   (no gloves)
Will    .....                   (no boots)
Stlth   ..........              (no amulet)
HPRegen 0.17/turn               n - ring of poison resistance
MPRegen 0.10/turn               r - ring of protection from cold

@: no status effects
A: no striking features
a: no special abilities


You were on level 4 of the Dungeon.
You visited 1 branch of the dungeon, and saw 4 of its levels.

You collected 86 gold pieces.

Inventory:

Hand Weapons
 a - a +0 vorpal war axe (weapon)
Armour
 b - a +0 scale mail (worn)
 c - a +0 buckler (worn)
Jewellery
 f - a ring of flight
 n - a ring of poison resistance (left hand)
 r - a ring of protection from cold (right hand)
Scrolls
 i - a scroll of identify
 l - a scroll of enchant armour {unknown}
Potions
 d - 2 potions of might
 e - a potion of ambrosia {unknown}
 g - 3 potions of brilliance
 h - a potion of degeneration {unknown}
 j - a potion of haste {unknown}
 k - a potion of berserk rage {unknown}
 o - a potion of invisibility
 p - 2 potions of cancellation


   Skills:
 + Level 4.5 Fighting
 + Level 6.1 Axes
 + Level 4.2 Armour
 + Level 1.0 Dodging
 + Level 0.2 Stealth
 + Level 3.8 Shields


You had 5 spell levels left.
You didn't know any spells.
Your spell library contained the following spells:

 Spells                   Type           Power      Damage    Failure   Level
 Foxfire                  Conj/Fire      0%         2x1d4     83%         1
 Freeze                   Ice            0%         1d3       83%         1
 Sublimation of Blood     Necr           0%         N/A       92%         2
 Conjure Flame            Conj/Fire      0%         6-21      99%         3
 Frozen Ramparts          Ice            0%         1d1       99%         3
 Inner Flame              Hex/Fire       0%         N/A       99%         3
 Summon Guardian Golem    Hex/Summ       0%         N/A       99%         3
 Flame Wave               Conj/Fire      0%         2d4       100%        4
 Hailstorm                Conj/Ice       0%         3d3       100%        4
 Petrify                  Tmut/Erth      0%         N/A       100%        4
 Irradiate                Conj/Tmut      0%         3d11      100%        5
 Orb of Destruction       Conj           0%         9d5       100%        7
 Spellforged Servitor     Conj/Summ      0%         N/A       100%        7


Dungeon Overview and Level Annotations

Branches:
Dungeon (4/15)
 Temple: D:4-7

Altars:
Dithmenos
Vehumet
Zin

Shops:
D:1 [


Message History

The gnoll sergeant closely misses you. The gnoll hits you with a +0 flail.
You block the iguana's attack. You block the gnoll's attack.
You are too injured to fight recklessly!
You are too injured to fight recklessly!
There are monsters nearby!
You are too injured to fight recklessly!
There are monsters nearby!
You are too injured to fight recklessly!
There are monsters nearby!
Unknown command.
You are too injured to fight recklessly!
There are monsters nearby!
You are too injured to fight recklessly!
Unknown command.
You are too injured to fight recklessly!
There are monsters nearby!
You are too injured to fight recklessly!
Unknown command.
There are monsters nearby!
You are too injured to fight recklessly!
There are monsters nearby!
You are too injured to fight recklessly!
The iguana bites you.
You hit the iguana.
The iguana is moderately wounded.
The iguana bites you but does no damage.
You hit the iguana but do no damage.
The iguana is moderately wounded.
You closely miss the gnoll. The gnoll barely misses you. The gnoll misses you.
The iguana bites you but does no damage.
You hit the iguana.
The iguana is heavily wounded.
You hit the gnoll.
You kill the gnoll!
The gnoll closely misses you. The iguana bites you!
* * * LOW HITPOINT WARNING * * *
The iguana bites you!
* * * LOW HITPOINT WARNING * * *
The gnoll hits you with a +0 halberd.
You die...

#### #..
##.## #..@#
#...l#g...#
###.##...(#
... ?.[.+
.... ....#
......
....#
...###
##### ###


You could see an iguana and a gnoll.

Vanquished Creatures
  An orc priest (D:3)
  Natasha (twice) (D:3)
  Terence (D:2)
  Robin (D:3)
  2 gnolls (D:4)
  5 adders
  2 worms (D:2)
  A dart slug (D:3)
  3 orcs (D:3)
  6 ball pythons
  4 bats
  2 endoplasms
  3 giant cockroaches (D:2)
  16 goblins
  5 hobgoblins
  7 kobolds
  2 quokkas (D:1)
  4 frilled lizards
  7 rats
74 creatures vanquished.

Notes
Turn   | Place    | Note
-------+----------+-------------------------------------------
     0 | D:1      | Ihaveafatcat the Hill Orc Fighter began the quest for the
                  | Orb.
     0 | D:1      | Reached XP level 1. HP: 19/19 MP: 1/1
   106 | D:1      | Found Boedgh's Armour Boutique.
   114 | D:1      | Reached XP level 2. HP: 24/27 MP: 2/2
   317 | D:1      | Found a faded altar of an unknown god.
   508 | D:1      | Reached skill level 3 in Axes
   834 | D:2      | Reached XP level 3. HP: 33/33 MP: 3/3
   961 | D:2      | Noticed Terence
   973 | D:2      | Killed Terence
  1091 | D:2      | Reached skill level 4 in Axes
  1091 | D:2      | Reached XP level 4. HP: 31/40 MP: 4/4
  2363 | D:3      | Noticed Robin
  2366 | D:3      | Reached skill level 1 in Dodging
  2375 | D:3      | Reached XP level 5. HP: 14/46 MP: 5/5
  2379 | D:3      | Killed Robin
  2380 | D:3      | Reached skill level 5 in Axes
  2710 | D:3      | Found a glowing silver altar of Zin.
  2762 | D:3      | Found a shadowy altar of Dithmenos.
  2839 | D:3      | Noticed Natasha
  2841 | D:3      | Killed Natasha
  2893 | D:3      | Found a radiant altar of Vehumet.
  3238 | D:3      | Noticed Natasha
  3243 | D:3      | Killed Natasha
  3244 | D:3      | Reached XP level 6. HP: 49/53 MP: 6/6
  3275 | D:4      | Reached skill level 6 in Axes
  3281 | D:4      | Slain by a gnoll

Illustrated notes

Levels and vault maps discovered:
D:1:      erik_arrival_blinker_ship, layout_loops_ring,
          ebering_ecumenical_altar_mist, serial_shops, nicolae_shop_stone
D:2:      layout_loops_corners, minmay_crystal_water, uniq_terence
D:3:      layout_loops_ring, mainiacjoe_overflow_paths,
          nicolae_dithmenos_the_darkroom, vehumet_crystals, uniq_robin,
          uniq_natasha
D:4:      layout_basic, nicolae_overflow_squiral, temple_hall_moat,
          minmay_manual_mail

Skill      XL: |  1  2  3  4  5  6 |
---------------+-------------------+-----
Fighting       | 4 |  4.5
Axes           | 3 4 5 6 |  6.1
Dodging        | 1 |  1.0
Armour         | 4 |  4.2
Stealth        | |  0.2
Shields        | |  3.8

Action                   |  1- 3 |  4- 6 || total
-------------------------+-------+-------++-------
Melee: War axe           |    81 |   103 ||   184
  Use: Scroll            |       |     6 ||     6
       Potion            |       |     6 ||     6
Armor: Scale mail        |    40 |    45 ||    85
Dodge: Dodged            |    30 |    53 ||    83
Block: Buckler           |    25 |    20 ||    45
